 Dungeon Sprint DCSS version 0.29.1-15-g9cfb28693d (webtiles) character file.

Game seed: 18182896976627030653

26 Groucho the Trooper (level 2, -3/29 HPs)
             Began as a Minotaur Fighter on Apr 6, 2023.
             Slain by a water elemental (10 damage)
             ... in the Dungeon (Sprint III: "The Ten Rune Challenge").
             The game lasted 00:01:14 (288 turns).

Groucho the Trooper (Minotaur Fighter)               Turns: 288, Time: 00:01:14

Health: -3/29      AC:  7    Str: 24    XL:     2   Next: 89%
Magic:  1/1        EV:  9    Int:  4    God:
Gold:   19         SH:  4    Dex:  8    Spells: 1/1 levels left

rFire   . . .      SeeInvis .   a - +0 war axe
rCold   . . .      Faith    .   c - +0 buckler
rNeg    . . .      Spirit   .   b - +0 scale mail
rPois   .          Reflect  .   (helmet restricted)
rElec   .          Harm     .   (no cloak)
rCorr   .          Rampage  .   (no gloves)
Will    +....      NoTele   +   (no boots)
Stlth   ..........              (no amulet)
HPRegen 0.09/turn               (no ring)
MPRegen 0.07/turn               (no ring)

@: engulfed (cannot breathe)
A: horns 2, retaliatory headbutt, strong-willed 1, strong 1
a: no special abilities


You were in the Dungeon.
You visited 1 branch You collected 19 gold pieces.

Inventory:

Hand Weapons
 a - a +0 war axe (weapon)
Armour
 b - a +0 scale mail (worn)
 c - a +0 buckler (worn)
Scrolls
 i - a scroll of torment {unknown}
 j - a scroll of blinking
 k - 5 scrolls of identify
 n - a scroll of immolation {unknown}
Potions
 d - a potion of might
 e - a potion of curing
 f - a potion of heal wounds
 g - a potion of haste
 h - 2 potions of magic
 l - a potion of lignification {unknown}
 m - a potion of flight {unknown}
 o - a potion of attraction {unknown}
 p - 2 potions of mutation


   Skills:
 + Level 5.0 Fighting
 + Level 4.2 Axes
 + Level 5.0 Armour
 + Level 5.0 Shields
 + Level 0.0 Unarmed Combat
 + Level 0.0 Invocations


You had one spell level left.
You didn't know any spells.
Your spell library was empty.

Dungeon Overview and Level Annotations

Branches:
Dungeon (1/1)

Altars:


Innate Abilities, Weirdness & Mutations

You have a pair of horns on your head.
You reflexively headbutt those who attack you in melee.
You are strong-willed. (Will+)
Your muscles are strong. (Str +4, Int/Dex -1)


Message History

l - a fuming inky potion;
m - a glowing red potion You see here a potion of mutation.
n - a scroll labelled NEIKUIX EHUR;
k - 5 scrolls of identify (gained 2)
o - a blue potion
Things that are here:
a potion of mutation; 2 potions of mutation You now have 19 gold pieces (gained 12).
Things that are here:
a potion of mutation; 2 potions of mutation
p - a potion of mutation;
p - 3 potions of mutation (gained 2)
p - 4 potions of mutation (gained 1) Really quaff the potion of mutation?
You feel extremely strange.
Your regeneration stops near monsters.
You feel stronger.
Really quaff the potion of mutation?
You feel extremely strange.
You feel weaker.
You begin to regenerate regardless of the presence of monsters.
You feel stronger.
You feel strong-willed.
There is an open door here.
You enter the shallow water.
Moving in this stuff is going to be slow.
You enter the shallow water.
Moving in this stuff is going to be slow.
You open the door.
A water elemental comes into view.
The water elemental moves out of view.
The water elemental hits you.
The water elemental engulfs you in water!
There is an open door to the Ecumenical Temple here.
You hit the water elemental.
The water elemental is lightly damaged.
Your lungs strain for air!
The water elemental closely misses you.
You slash the water elemental!
The water elemental is moderately damaged.
* * * LOW HITPOINT WARNING * * *
Your lungs strain for air!
The water elemental barely misses you. The water elemental hits you!
You die...

▓▓▓▓▓▓▓▓▓▓▓ ▓▓▓
.#..'.....♣ ♣.#
.#..#....♣♣♣ ♣.#
'####......♣ ♣.#
....#....~♣♣ ♣.###+#+##
....#...~~.♣♣♣♣.#.......
....#..~~~~♣♣...@.⌠.....
###'#..~≈≈~~~♣♣.#E..####
..†.#.~~≈~~~....#.⌠.#
....#.~≈~~~.....#...#
....#.~~~.......#+###
#####...........#
....÷...........#
▓▓▓▓▓▓▓▓▓▓▓▓▓▓▓▓▓


You could see a water elemental.

Vanquished Creatures
  A human (D)
  A phantom (D)
  2 endoplasms (D)
  2 rats (D)
6 creatures vanquished.

Notes
Turn   | Place    | Note
-------+----------+-------------------------------------------
     0 | D        | Groucho the Minotaur Fighter began the quest for the Orb.
     0 | D        | Reached XP level 1. HP: 19/19 MP: 0/0
    44 | D        | Reached XP level 2. HP: 28/28 MP: 1/1
   250 | D        | Reached skill level 5 in Fighting
   250 | D        | Reached skill level 5 in Armour
   250 | D        | Reached skill level 5 in Shields
   268 | D        | Gained mutation: You do not regenerate when monsters are
                  | visible. [potion of mutation]
   268 | D        | Gained mutation: Your muscles are strong. (Str +4, Int/Dex
                  | -1) [potion of mutation]
   269 | D        | Lost mutation: Your muscles are strong. (Str +4, Int/Dex
                  | -1) [potion of mutation]
   269 | D        | Lost mutation: You do not regenerate when monsters are
                  | visible. [potion of mutation]
   269 | D        | Gained mutation: Your muscles are strong. (Str +4, Int/Dex
                  | -1) [potion of mutation]
   269 | D        | Gained mutation: You are strong-willed. (Will+) [potion of
                  | mutation]
   285 | D        | Noticed a water elemental
   288 | D        | Slain by a water elemental

Illustrated notes

Levels and vault maps discovered:
D:        dungeon_sprint_mu [sprint_mu_entry_forest, sprint_mu_temple_rooms,
          sprint_mu_d1_spiders, sprint_mu_d2_genie, sprint_mu_d3_branching,
          sprint_mu_orc_legion, sprint_mu_elf_gauntlet, sprint_mu_hive_nellie,
          sprint_mu_lair_fedhas, sprint_mu_vaults_butterflies,
          sprint_mu_slime_circle, sprint_mu_swamp_cave, sprint_mu_shoals_kraken,
          sprint_mu_blade_basic, sprint_mu_crypt_lich, sprint_mu_tomb_spiral,
          sprint_mu_vestibule_basic, sprint_mu_gehenna_hellfire,
          sprint_mu_dis_giant, sprint_mu_tartarus_statrot,
          sprint_mu_cocytus_islands, sprint_mu_zot1]

Skill      XL: |  1  2 |
---------------+-------+-----
Fighting       | 4 5 |  5.0
Armour         | 4 5 |  5.0
Shields        | 4 5 |  5.0
Axes           | 4 |  4.2

Action                   || total
-------------------------++-------
Melee: War axe           ||    15
       Headbutt          ||     1
  Use: Potion            ||     3
Armor: Scale mail        ||     4
Dodge: Dodged            ||     3
Block: Buckler           ||     4
